 Dungeon Crawl Stone Soup version 0.28.0-53-g5a82cb258f (webtiles) character file.

Game seed: 9515247804521386461

199 Peloso the Covered (level 5, 0/47 HPs)
             Began as a Minotaur Fighter on July 24, 2022.
             Succumbed to a scorpion's poison
             ... on level 4 of the Dungeon.
             The game lasted 00:04:05 (1978 turns).

Peloso the Covered (Minotaur Fighter)               Turns: 1978, Time: 00:04:06

Health: 0/47       AC: 13    Str: 21    XL:     5   Next: 48%
Magic:  4/4        EV:  7    Int:  5    God:
Gold:   128        SH:  5    Dex: 11    Spells: 4/4 levels left

rFire   + . .      SeeInvis .   a - +0 long sword
rCold   + . .      Faith    .   c - +0 buckler
rNeg    . . .      Spirit   .   o - +0 chain mail
rPois   +          Reflect  .   (helmet restricted)
rElec   +          Harm     .   k - +2 cloak
rCorr   +          Rampage  .   (no gloves)
Will    .....                   (no boots)
Stlth   ..........              (no amulet)
HPRegen 0.15/turn               (no ring)
MPRegen 0.09/turn               (no ring)

@: lethally poisoned (0 -> -9), resistant
A: horns 2, retaliatory headbutt, subdued magic 1
a: no special abilities


You were on level 4 of the Dungeon.
You visited 1 branch of the dungeon, and saw 4 of its levels.

You collected 128 gold pieces.

Inventory:

Hand Weapons
 a - a +0 long sword (weapon)
Armour
 b - a +0 scale mail
 c - a +0 buckler (worn)
 k - a +2 cloak (worn)
 o - a +0 chain mail (worn)
Scrolls
 e - a scroll of summoning
 f - a scroll of amnesia {unknown}
 h - a scroll of acquirement {unknown}
 i - a scroll of identify
 j - a scroll of teleportation
 m - a scroll of blinking {unknown}
Potions
 d - 2 potions of might
 l - a potion of brilliance
 n - a potion of mutation


   Skills:
 + Level 4.6 Fighting
 + Level 4.1 Long Blades
 + Level 5.0 Armour
 + Level 0.5 Dodging
 + Level 4.8 Shields


You had 4 spell levels left.
You didn't know any spells.
Your spell library was empty.

Dungeon Overview and Level Annotations

Branches:
Dungeon (4/15)
 Temple: D:4-7

Altars:
Kikubaaqudgha

Shops:
D:2 *


Innate Abilities, Weirdness & Mutations

You have a pair of horns on your head.
You reflexively headbutt those who attack you in melee.
Your spells are a little easier to cast, but a little less powerful.


Message History

The scorpion poisons you!
You hit the scorpion.
The scorpion is lightly wounded.
You feel sick.
The scorpion stings you but does no damage.
The scorpion barely misses you.
You hit the scorpion. Your headbutt misses the scorpion.
The scorpion is heavily wounded.
You feel sick.
The scorpion stings you but does no damage.
You closely miss the scorpion.
The scorpion is heavily wounded.
You feel sick. The scorpion stings you.
You are more poisoned.
The scorpion poisons you! The scorpion stings you.
You are lethally poisoned!
The scorpion poisons you!
You slash the scorpion!
The scorpion is almost dead.
You feel extremely sick. The scorpion stings you!
* * * LOW HITPOINT WARNING * * *
You barely miss the scorpion. Your headbutt misses the scorpion.
The scorpion is almost dead.
* * * LOW HITPOINT WARNING * * *
You feel very sick. The scorpion closely misses you.
The scorpion completely misses you.
You hit the scorpion.
You kill the scorpion!
* * * LOW HITPOINT WARNING * * *
You feel very sick.
Your Long Blades skill increases to level 4!
Your Armour skill increases to level 5!
It was a potion of mutation.
You feel extremely strange.
Your connection to magic feels subdued.
* * * LOW HITPOINT WARNING * * *
You feel sick.
It was a potion of resistance.
You feel protected.
You die...

#####.#.......(........
#..................##.#
#................####.#
..........#..#..# #..
.##..................
#...##.#..##......#
#.......[.##.####.#
#..###.#.###.# # # #.@#
.........
#.†..........#
##.##.<.#### #.# .##
#.# # #.. ###


There were no monsters in sight!

Vanquished Creatures
  A scorpion (D:4)
  2 iguanas
  An adder (D:2)
  A white imp (D:4)
  A worm (D:3)
  A dart slug (D:1)
  4 orcs
  4 ball pythons
  4 bats
  4 endoplasms
  3 giant cockroaches
  2 goblins (D:3)
  6 hobgoblins
  9 jackals
  4 quokkas
  2 frilled lizards (D:1)
  6 kobolds
  3 rats
58 creatures vanquished.

Vanquished Creatures (others)
  A withered plant (D:4)
1 creature vanquished.

Grand Total: 59 creatures vanquished

Notes
Turn   | Place    | Note
-------+----------+-------------------------------------------
     0 | D:1      | Peloso the Minotaur Fighter began the quest for the Orb.
     0 | D:1      | Reached XP level 1. HP: 19/19 MP: 0/0
   114 | D:1      | Reached XP level 2. HP: 27/27 MP: 1/1
   336 | D:1      | Found a faded altar of an unknown god.
   394 | D:1      | Reached skill level 4 in Armour
   614 | D:2      | Found Peick's General Store.
   652 | D:2      | Reached XP level 3. HP: 33/33 MP: 2/2
  1104 | D:2      | Reached XP level 4. HP: 28/41 MP: 3/3
  1848 | D:4      | Found an ancient bone altar of Kikubaaqudgha.
  1853 | D:4      | Reached XP level 5. HP: 42/47 MP: 4/4
  1977 | D:4      | Reached skill level 5 in Armour
  1977 | D:4      | Gained mutation: Your spells are a little easier to cast,
                  | but a little less powerful. [potion of mutation]
  1977 | D:4      | HP: 2/47 [poisoned by a scorpion]
  1978 | D:4      | Succumbed to a scorpion's poison

Illustrated notes

Levels and vault maps discovered:
D:1:      matt_arrival_diagonals, layout_basic, basic_ecumenical_altar
D:2:      layout_rooms, serial_shops, nicolae_lakefront_shop,
          chequers_serial_rivers_micro_c
D:3:      layout_loops_ring
D:4:      corexii_shack_village, layout_loops_ring, kiku_gazebo_garden_becter,
          uniq_duvessa

Skill      XL: |  1  2  3  4  5 |
---------------+----------------+-----
Fighting       | 4 |  4.6
Armour         | 4 5 |  5.0
Shields        | 4 |  4.8
Long Blades    | 3 4 |  4.1
Dodging        | |  0.5

Action                   |  1- 3 |  4- 6 || total
-------------------------+-------+-------++-------
Melee: Long sword        |    58 |    41 ||    99
       Headbutt          |    10 |     6 ||    16
  Use: Scroll            |       |     5 ||     5
       Potion            |       |     2 ||     2
Armor: Scale mail        |    32 |    11 ||    43
       Chain mail        |       |     2 ||     2
Dodge: Dodged            |    40 |    22 ||    62
Block: Buckler           |    11 |     9 ||    20
